 Dungeon Crawl Stone Soup version 0.18.1-48-g4cf74bf (webtiles) character file.

100 Joat the Cudgeler (level 4, -7/23 HPs)
             Began as a Vine Stalker Fighter on Aug 7, 2016.
             Mangled by an ogre
             ... wielding a +0 giant spiked club
              (22 damage)
             ... on level 3 of the Dungeon.
             The game lasted 00:15:06 (1691 turns).

Joat the Cudgeler (Vine Stalker Fighter)            Turns: 1691, Time: 00:15:07

Health: -7/23      AC:  7    Str: 18    XL:     4   Next: 73%
Magic:  0/5        EV:  7    Int:  8    God:
Gold:   87         SH:  9    Dex: 15    Spells: 0 memorised, 3 levels left

rFire  . . .     SeeInvis .     l - +0 whip
rCold  . . .     Gourm    .     b - +0 scale mail
rNeg   . . .     Faith    .     c - +0 shield
rPois  .         Spirit   +     (no helmet)
rElec  .         Dismiss  .     q - +0 cloak
rCorr  .         Reflect  .     (no gloves)
SustAt .         Harm     .     (no boots)
MR     .....                    (no amulet)
Stlth  ..........               (no ring)
                                (no ring)

@: not resistant to hostile enchantments, extremely unstealthy
A: fangs 2, regeneration 1, magic shield, antimagic bite, no device heal 3, rot
immunity
a: no special abilities


You were on level 3 of the Dungeon.
You were not hungry.

You visited 1 branch of the dungeon, and saw 3 of its levels.

You collected 87 gold pieces.

Inventory:

Hand Weapons
 k - a +2 dagger of distortion
 l - a +0 whip (weapon)
Armour
 b - a +0 scale mail (worn)
 c - a +0 shield (worn)
 q - a +0 cloak (worn)
Wands
 j - a wand of digging (13/24)
Scrolls
 h - a scroll of teleportation
 i - a scroll of blinking
 o - a scroll of remove curse
 p - a scroll of fear
Potions
 d - a potion of might
 m - a potion of curing
 r - a potion of haste
Comestibles
 a - a meat ration
 f - 2 bread rations
 g - 7 chunks of flesh


   Skills:
 - Level 2.6 Fighting
 + Level 4.3 Maces & Flails
 - Level 2.4 Armour
 - Level 2.6 Shields


You had 3 spell levels left.
You didn't know any spells.

Dungeon Overview and Level Annotations

Branches:
Dungeon (3/15)

Altars:
Zin


Innate Abilities, Weirdness & Mutations

You have extremely sharp teeth.
Your natural rate of healing is unusually fast.
When hurt, damage is shared between your health and your magic reserves.
Your bite disrupts and absorbs the magic of your enemies.
Potions and wands cannot restore your health.
You are immune to rotting.


Message History

You hear the sound of rushing water.
There is an entrance to a sewer on this level.
Hurry and find it before the portal rusts away!
Found 2 meat rations.
There is a stone staircase leading up here.
Found 14 gold pieces.
a - a meat ration You now have 87 gold pieces (gained 14).
An ogre comes into view. It is wielding a giant spiked club.
The ogre shouts!
The ogre moves out of view.
Found a leather armour.
The ogre hits you with a giant spiked club!
You hit the ogre. You bite the ogre, but do no damage.
The ogre is lightly wounded.
You hit the ogre but do no damage. You bite the ogre. You drain its power.
You feel invigorated.
The ogre is lightly wounded.
The ogre hits you with a giant spiked club!!
Ouch! That really hurt!
You die...

.# ###.###
#....[# #
#.#.#.######.
.#.##...O........
#........##@#
#.##.##.....#
##.##.###.####
###...#.# #.#
.......# #.#
#...#.# #.#
######.##.# #.#
..........###.#
..............#


You could see an ogre.

Vanquished Creatures
  Crazy Yiuf (D:2)
  An adder (D:1)
  3 worms
  3 dart slugs (D:2)
  A giant gecko (D:1)
  3 giant cockroaches
  8 goblins
  7 hobgoblins
  3 jackals (D:1)
  3 kobolds
  7 bats
  3 giant newts (D:2)
  4 rats
47 creatures vanquished.

Notes
Turn   | Place    | Note
--------------------------------------------------------------
     0 | D:1      | Joat the Vine Stalker Fighter began the quest for the Orb.
     0 | D:1      | Reached XP level 1. HP: 11/11 MP: 2/2
    48 | D:1      | Reached skill level 2 in Maces & Flails
   143 | D:1      | Reached XP level 2. HP: 14/16 MP: 3/3
   662 | D:1      | Reached skill level 3 in Maces & Flails
   662 | D:1      | Reached XP level 3. HP: 2/19 MP: 4/4
  1131 | D:2      | Reached XP level 4. HP: 18/23 MP: 5/5
  1166 | D:2      | Noticed Crazy Yiuf
  1170 | D:2      | Killed Crazy Yiuf
  1170 | D:2      | Reached skill level 4 in Maces & Flails
  1404 | D:2      | Found a glowing silver altar of Zin.
  1404 | D:2      | Noticed an angel
  1688 | D:3      | Noticed an ogre
  1691 | D:3      | Mangled by an ogre

Skill      XL: |  1  2  3  4 |
---------------+-------------+-----
Maces & Flails | 2 3 4 |  4.3
Fighting       | |  2.6
Armour         | |  2.4
Shields        | |  2.6

Action                   |  1- 3 |  4- 6 || total
-------------------------+-------+-------++-------
Melee: Flail             |    37 |       ||    37
       Bite              |    37 |     9 ||    46
       Whip              |    92 |    31 ||   123
  Use: Potion            |     2 |     1 ||     3
       Scroll            |     3 |     4 ||     7
  Eat: Chunk             |     1 |     2 ||     3
Armor: Scale mail        |    17 |       ||    17
       Leather armour    |    20 |     5 ||    25
Dodge: Dodged            |    40 |     2 ||    42
Block: Shield            |    47 |    16 ||    63
